 Dungeon Crawl Stone Soup version 0.20.0 (webtiles) character file.

274860 BarneyGumball the Executioner (level 19, -5/188 HPs)
             Began as a Minotaur Berserker on June 8, 2017.
             Was a High Priest of Trog.
             Killed from afar by a wizard (11 damage)
             ... with a fireball
             ... on level 2 of the Vaults.
             The game lasted 02:57:27 (46128 turns).

BarneyGumball the Executioner (Minotaur Berserker) Turns: 46128, Time: 02:57:28

Health: -5/188     AC: 22    Str: 24    XL:     19   Next: 54%
Magic:  24/24      EV: 14    Int: 11    God:    Trog [*****.]
Gold:   1677       SH:  4    Dex: 23    Spells: 18/18 levels left

rFire    + . .     SeeInvis .   a - +1 executioner's axe (freeze)
rCold    . . .     Gourm    .   (shield currently unavailable)
rNeg     + . .     Faith    .   e - +6 scale mail "Jeif" {rN+ Dex+7}
rPois    +         Spirit   .   (helmet unavailable)
rElec    .         Reflect  +   I - +1 cloak
rCorr    .         Harm     .   S - +0 pair of gloves (curse)
MR       +++..                  (no boots)
Stlth    +.........             N - +4 amulet of reflection
Regen    1.5/turn               y - ring of protection from fire
MPRegen  0.2/turn               q - ring of Mistrust {rPois Int+7}

@: marked, berserk cooldown, regenerating, slowed, very slow
A: retaliatory headbutt, horns 3, repulsion field 1, blink, shaggy fur 1
}: 2/15 runes: decaying, serpentine
a: Blink, Berserk, Trog's Hand, Brothers in Arms, Burn Spellbooks, Renounce
Religion


You were on level 2 of the Vaults.
You worshipped Trog.
Trog was extremely pleased with you.
You were very hungry.

You visited 6 branches of the dungeon, and saw 33 of its levels.
You also visited: Labyrinth and Ice Cave.

You collected 3189 gold pieces.
You spent 1512 gold pieces at shops.

Inventory:

Hand Weapons
 a - a +1 executioner's axe of freezing (weapon)
 b - a +1 broad axe of flaming
Armour
 c - +0 fire dragon scales
 e - the +6 scale mail "Jeif" (worn) {rN+ Dex+7}
   (You took it off an orc on level 10 of the Dungeon)

   It affects your dexterity (+7).
   It protects you from negative energy.
 I - a +1 cloak (worn)
 S - a cursed +0 pair of gloves (worn)
Jewellery
 q - the ring of Mistrust (right hand) {rPois Int+7}
   (You found it in a labyrinth)

   [ring of poison resistance]

   It affects your intelligence (+7).
   It protects you from poison.
 y - a ring of protection from fire (left hand)
 B - an uncursed ring of protection from magic
 N - a +4 amulet of reflection (around neck)
 T - an uncursed ring of flight {unknown}
 V - an uncursed ring of see invisible
Wands
 h - a wand of disintegration (9/24)
 p - a wand of confusion (22/48)
 C - a wand of digging (18/24)
 G - a wand of polymorph (9/24)
 J - a wand of lightning (3/15)
 K - a wand of enslavement (19/24)
Scrolls
 d - 2 scrolls of silence
 f - 7 scrolls of recharging
 i - 2 scrolls of fear
 m - 7 scrolls of enchant weapon
 n - 4 scrolls of fog
 s - 4 scrolls of immolation
 w - 23 scrolls of remove curse
 x - 2 scrolls of holy word
 z - 9 scrolls of teleportation
 F - 7 scrolls of identify
 H - 4 scrolls of enchant armour
 P - 2 scrolls of brand weapon
 Y - 4 scrolls of magic mapping
Potions
 j - 5 potions of brilliance
 k - 7 potions of might
 o - 7 potions of flight
 r - 3 potions of ambrosia
 u - a potion of magic
 v - 3 potions of lignification
 D - 3 potions of haste
 E - a potion of resistance
 L - 2 potions of cancellation {unknown}
 Q - 5 potions of curing
 R - a potion of invisibility {unknown}
 U - a potion of berserk rage
 W - 2 potions of agility
Books
 l - a book of Transfigurations

   Spells                             Type                      Level
   a - Irradiate                      Conjuration/Transmutation    5
   b - Statue Form                    Transmutation/Earth          6
   c - Hydra Form                     Transmutation                6
   d - Dragon Form                    Transmutation                7
   Trog disapproves of the use of such an item.
Miscellaneous
 O - a lamp of fire
Comestibles
 g - 23 royal jellies
 t - 21 meat rations
 A - 3 chunks of flesh
 M - 3 bread rations


   Skills:
 * Level 20.9 Fighting
 - Level 26.0 Axes
 + Level 17.5 Armour
 - Level 2.1 Dodging
   Level 8.0 Shields
 - Level 8.5 Evocations


You had 18 spell levels left.
You didn't know any spells.

Dungeon Overview and Level Annotations

Branches:
Dungeon (15/15)            Temple (0/1) D:6            Lair (6/6) D:10
  Swamp (4/4) Lair:2        Snake (4/4) Lair:2        Slime (0/5) Lair:5
    Orc (2/2) D:12            Elf (0/3) Orc:2        Vaults (2/5) D:14
 Depths (0/5) D:15
  Crypt: Vaults:2-3

Altars:
Dithmenos
Fedhas
Hepliaklqana
Okawaru
Qazlal
Ru
Sif Muna
Trog
Yredelemnul
The Shining One
Jiyva

Shops:
D:4 *   Orc:2 (}*!   Vaults:1 [

Annotations:
D:7 Prince Ribbit
Lair:5 1 runed door
Swamp:2 exclusion: Roxanne, Nikola, Roxanne
Snake:1 1 exclusion


Innate Abilities, Weirdness & Mutations

You reflexively headbutt those who attack you in melee.
You have a pair of large horns on your head.
You are surrounded by a mild repulsion field. (EV +2)
You can translocate small distances at will.
You are covered in fur. (AC +1)


Message History

Trog accepts your kill.
A wizard comes into view. It is wielding a dagger.
Your skin crawls.
You feel resistant to hostile enchantments.
You are feeling hungry.
The wizard moves out of view.
The stone giant hits you!!
* * * LOW HITPOINT WARNING * * *
Okay, then.
You blink.
You feel slightly more hungry.
You blink.
You feel slightly more hungry.
You are feeling very hungry.
The wizard casts a spell.
The wizard blinks!
The stone giant closely misses you. You furiously retaliate!
You headbutt the stone giant, but do no damage.
Okay, then.
Okay, then.
You blink.
You feel slightly more hungry.
The wizard points at you and mumbles some strange words.
The fireball explodes!
The fireball engulfs you! You resist.
You die...

#.......#.....#....#..#....
#...)..##.....##))##..#..##
#...).##.......#''#...#..#
#....(#..##+##..(.....#..##
#...##).##...##.....###....
#).##...#(....#....## #....
####....##.C§##...##..###..
#........##§##....'... #..
#.......(.@.((...('... ###
##'##.p....##'##..##..
#...##....##.)†##..#
#...)##..##((p.)##..#
#.....#..#.(.)...#....
##### #.....#..#.?....C#
...#
#...######'###########'#
### ####.## #......# ..
##.###...†..# ...


You could see a stone giant and a wizard.

Vanquished Creatures
  Mara (Vaults:2)
  Vashnia (Snake:2)
  A tentacled monstrosity (Vaults:2)
  Rupert (Lair:5)
  2 thorn hunters (Swamp:4)
  Gastronok (Lair:2)
  Agnes (D:15)
  13 nagarajas
  A fire giant (Vaults:2)
  Louise (D:15)
  3 vault wardens (Vaults:2)
  A reaper (IceCv)
  An entropy weaver (Vaults:1)
  7 ironheart preservers
  The ghost of alcopop the Severer, a journeyman HOFi of Okawaru (Lair:5)
  2 stone giants (Vaults:1)
  Nessos (Lair:5)
  Snorg (Lair:5)
  A minotaur (Lab)
  Josephine (D:12)
  2 fire dragons (Vaults:1)
  9 yaktaur captains
  9 naga warriors
  Erolcha (D:9)
  A rakshasa (Vaults:2)
  The ghost of abeheron the Cleaver, a journeyman MiBe of Trog (D:11)
  3 ice dragons
  3 vault guards
  19 hydras
  2 ghost crabs
  A death knight (Vaults:2)
  6 anacondas
  10 centaur warriors
  A tengu warrior (D:14)
  7 ogre magi
  2 deep troll shamans (Vaults:1)
  7 alligators
  6 death yaks
  28 two-headed ogres
  7 naga sharpshooters
  2 orc high priests
  2 deep elf knights
  5 shock serpents
  A hell knight (D:15)
  8 skeletal warriors
  The ghost of kaikaun the Basher, a novice MiBe of Trog (D:8)
  Nergalle (Lair:2)
  3 salamander mystics
  A flayed ghost (Vaults:2)
  A spriggan druid (Swamp:4)
  3 deep trolls (Vaults:1)
  4 unseen horrors
  6 naga ritualists (Snake:4)
  4 swamp dragons (Swamp:4)
  A shambling mangrove (Swamp:4)
  A deep elf archer (Vaults:1)
  2 wizards (D:15)
  4 ironbrand convokers
  5 orc knights
  A necromancer (Vaults:1)
  2 phantasmal warriors (Vaults:2)
  10 harpies
  10 mana vipers
  3 orc sorcerers (Orc:1)
  8 ugly things
  3 wolf spiders
  8 deep elf magi
  14 salamanders
  3 centaur zombies
  10 cyclopes
  6 elephants
  2 manticores (D:13)
  A sphinx skeleton (Vaults:1)
  Joseph (D:9)
  15 naga magi
  13 guardian serpents (Snake:4)
  A salamander (shapeshifter) (D:14)
  30 black mambas
  2 ice statues (IceCv)
  9 vault sentinels
  3 gargoyles
  11 spiny frogs
  A centaur skeleton (D:14)
  An efreet (D:14)
  A freezing wraith (Vaults:2)
  2 rime drakes
  13 yaktaurs
  3 komodo dragons
  9 ice devils (IceCv)
  A polar bear (Lair:6)
  2 human skeletons (Vaults:1)
  5 tyrant leeches
  6 hornets
  2 hornets (shapeshifter)
  2 queen bees
  14 trolls
  A harpy skeleton (D:14)
  15 blink frogs
  10 hippogriffs
  4 bog bodies
  16 slime creatures
  2 dream sheep (D:9)
  5 spriggans
  A human simulacrum (Vaults:1)
  A meliai zombie (D:14)
  2 shadows (D:11)
  2 redbacks (Lab)
  2 wyverns
  7 wraiths
  A vampire (D:11)
  28 yaks
  14 basilisks
  A yak (shapeshifter) (D:14)
  8 hungry ghosts
  6 vampire mosquitoes (Swamp:3)
  A steam dragon (D:10)
  20 swamp worms
  Menkaure (D:5)
  5 wargs
  6 insubstantial wisps
  40 nagas
  4 soldier ants (Lair:6)
  6 porcupines
  Duvessa (D:4)
  4 acid dragons
  12 water moccasins
  13 swamp drakes
  An eye of draining (D:15)
  5 sky beasts
  38 orc warriors
  2 black bears
  4 ice beasts
  45 ogres
  4 phantoms
  An ogre (shapeshifter) (Vaults:2)
  3 boggarts (D:15)
  26 centaurs
  9 wolves
  12 crocodiles
  18 bullfrogs
  A gnoll sergeant (D:3)
  4 big kobolds
  An ogre simulacrum (Vaults:1)
  2 wyvern zombies (D:13)
  Dowan (D:4)
  49 killer bees
  6 scorpions
  5 wights
  2 electric eels
  3 howler monkeys
  4 lava snakes (Lab)
  7 crimson imps
  3 quasits
  3 jellies
  2 bullfrog zombies (D:11)
  18 orc priests
  7 hounds
  4 iguanas
  Ijyb (D:5)
  25 orc wizards
  18 worker ants
  2 hound zombies
  A hound skeleton (D:8)
  2 worker ant zombies
  Robin (D:3)
  8 gnolls
  A howler monkey zombie (D:11)
  A howler monkey skeleton (D:10)
  15 adders
  7 river rats (D:9)
  2 shadow imps
  5 white imps (IceCv)
  8 ufetubi (IceCv)
  2 oozes
  2 adder skeletons
  2 worms
  2 dart slugs (D:2)
  4 leopard geckos
  104 orcs
  A ball python (D:3)
  7 bats
  5 giant cockroaches
  22 goblins
  6 hobgoblins
  9 jackals
  6 quokkas
  4 frilled lizards
  A jackal skeleton (D:8)
  13 kobolds
  A quokka zombie (D:6)
  22 rats
  A fungus (Lair:6)
  9 plants
1299 creatures vanquished.

Vanquished Creatures (collateral kills)
  6 nagarajas (Snake:4)
  An orc warlord (Orc:1)
  2 naga warriors (Snake:4)
  2 two-headed ogres (Orc:2)
  An ogre mage (Orc:2)
  3 naga sharpshooters
  2 spriggans
  2 swamp dragons (Swamp:4)
  An orc sorcerer (Orc:1)
  A black mamba (Snake:4)
  2 guardian serpents (Snake:4)
  2 naga magi (Snake:4)
  A hornet (Swamp:1)
  A bog body (Swamp:4)
  A basilisk (Lair:2)
  2 wargs
  A naga (Snake:4)
  An orc warrior (Orc:1)
  5 swamp drakes (Swamp:4)
  6 ogres
  An orc (Orc:1)
  A briar patch (Swamp:4)
45 creatures vanquished.

Vanquished Creatures (others)
  A naga sharpshooter (Snake:4)
  A cyclops (Orc:1)
  A black mamba (Snake:4)
  An orc wizard (D:6)
  3 white imps (IceCv)
  4 ufetubi (IceCv)
  7 fungi
  12 plants
30 creatures vanquished.

Grand Total: 1374 creatures vanquished

Notes
Turn   | Place    | Note
-------+----------+-------------------------------------------
     0 | D:1      | BarneyGumball the Minotaur Berserker began the quest for the Orb.
     0 | D:1      | Reached XP level 1. HP: 19/19 MP: 0/0
   206 | D:1      | Reached skill level 4 in Axes
   211 | D:1      | Reached XP level 2. HP: 26/26 MP: 1/1
   923 | D:2      | Reached skill level 5 in Axes
   930 | D:1      | Reached XP level 3. HP: 27/31 MP: 2/2
  1186 | D:2      | Reached ** piety under Trog
  1231 | D:2      | Reached skill level 6 in Axes
  1231 | D:2      | Reached XP level 4. HP: 30/39 MP: 3/3
  1716 | D:3      | Noticed a gnoll sergeant
  2143 | D:3      | Killed a gnoll sergeant
  2143 | D:3      | Reached skill level 7 in Axes
  2143 | D:3      | Reached XP level 5. HP: 25/45 MP: 4/4
  2371 | D:3      | Noticed Robin
  2395 | D:3      | Reached *** piety under Trog
  2396 | D:3      | Noticed an ogre
  2409 | D:3      | Killed an ogre
  2409 | D:3      | Reached skill level 8 in Axes
  2409 | D:3      | Reached XP level 6. HP: 9/51 MP: 5/5
  2414 | D:3      | Killed Robin
  2766 | D:3      | Found an iron altar of Okawaru.
  2938 | D:3      | Reached skill level 9 in Axes
  3025 | D:4      | Reached XP level 7. HP: 50/57 MP: 6/6
  3101 | D:4      | Noticed Duvessa
  3103 | D:4      | Noticed Dowan
  3133 | D:4      | Found a blossoming altar of Fedhas.
  3258 | D:4      | Reached skill level 10 in Axes
  3559 | D:4      | Found Muguegam's General Store.
  3697 | D:5      | Entered Level 5 of the Dungeon
  3733 | D:5      | Noticed Menkaure
  3736 | D:4      | Found a hazy altar of Hepliaklqana.
  3736 | D:4      | Found a sacrificial altar of Ru.
  3746 | D:4      | Killed Duvessa
  3751 | D:4      | Killed Dowan
  3915 | D:5      | Killed Menkaure
  3915 | D:5      | Reached skill level 11 in Axes
  4022 | D:5      | Reached XP level 8. HP: 47/64 MP: 7/7
  4102 | D:5      | Noticed Ijyb
  4118 | D:5      | Killed Ijyb
  4300 | D:6      | Found a staircase to the Ecumenical Temple.
  4440 | D:6      | Reached skill level 12 in Axes
  4440 | D:6      | Reached skill level 1 in Shields
  5602 | D:4      | Bought a +4 amulet of reflection for 378 gold pieces
  5927 | D:7      | Reached skill level 5 in Shields
  6120 | D:7      | Reached **** piety under Trog
  6120 | D:7      | Reached XP level 9. HP: 37/70 MP: 8/8
  6413 | D:7      | Found a stormy altar of Qazlal.
  6413 | D:7      | Found a shadowy altar of Dithmenos.
  6414 | D:7      | Found a basalt altar of Yredelemnul.
  6445 | D:7      | Reached skill level 13 in Axes
  6920 | D:7      | Noticed Prince Ribbit
  7411 | D:8      | Noticed a two-headed ogre
  8066 | D:8      | Noticed a two-headed ogre
  8077 | D:8      | Killed a two-headed ogre
  8322 | D:8      | Reached skill level 14 in Axes
  8436 | D:8      | Noticed kaikaun's ghost (novice MiBe)
  8696 | D:8      | Killed kaikaun's ghost
  8696 | D:8      | Reached skill level 5 in Fighting
  8696 | D:8      | Reached XP level 10. HP: 81/81 MP: 9/9
  9285 | D:8      | Noticed a two-headed ogre
  9297 | D:8      | Killed a two-headed ogre
  9297 | D:8      | Reached skill level 15 in Axes
  9415 | D:8      | Noticed a gargoyle
  9439 | D:8      | Killed a gargoyle
  9580 | D:8      | Reached ***** piety under Trog
 10286 | D:8      | Reached skill level 16 in Axes
 10725 | D:9      | Noticed Erolcha
 10771 | D:9      | Noticed Joseph
 10787 | D:9      | Killed Joseph
 10928 | D:9      | Reached XP level 11. HP: 76/94 MP: 10/10
 11011 | D:9      | Killed Erolcha
 11096 | D:9      | Noticed a two-headed ogre
 11100 | D:9      | Killed a two-headed ogre
 11377 | D:9      | Found a deep blue altar of Sif Muna.
 11487 | D:9      | Noticed a two-headed ogre
 11507 | D:9      | Killed a two-headed ogre
 11529 | D:9      | Noticed a three-headed hydra
 11532 | D:9      | Got a slimy halberd {vamp}
 11536 | D:9      | Reached skill level 5 in Armour
 11547 | D:9      | Killed a three-headed hydra
 11547 | D:9      | Reached skill level 17 in Axes
 12060 | D:10     | Entered Level 10 of the Dungeon
 12421 | D:10     | Got an ichor-stained ring mail
 12432 | D:10     | Identified the cursed +1 ring mail of Bad Feelings {+Inv Dex-4 SInv} (You found it on level 10 of the Dungeon)
 12830 | D:10     | Received a gift from Trog
 13331 | D:10     | Noticed a two-headed ogre
 13337 | D:10     | Killed a two-headed ogre
 13337 | D:10     | Reached XP level 12. HP: 106/106 MP: 11/11
 13427 | D:10     | Found a glowing golden altar of the Shining One.
 13473 | D:10     | Got a jewelled scale mail
 13487 | D:10     | Identified the +6 scale mail "Jeif" {rN+ Dex+7} (You took it off an orc on level 10 of the Dungeon)
 13533 | D:10     | Reached skill level 10 in Fighting
 13739 | D:10     | Reached skill level 18 in Axes
 13825 | D:10     | Found a staircase to the Lair.
 14063 | Lair:1   | Entered Level 1 of the Lair of Beasts
 14162 | Lair:1   | Found a frozen archway.
 14166 | IceCv    | Entered an ice cave
 15373 | IceCv    | Received a gift from Trog
 15415 | IceCv    | Noticed a reaper
 15434 | IceCv    | Killed a reaper
 15434 | IceCv    | Reached skill level 19 in Axes
 17211 | Lair:2   | Noticed Nergalle
 17221 | Lair:2   | Killed Nergalle
 17221 | Lair:2   | Reached XP level 13. HP: 115/116 MP: 12/12
 17370 | Lair:2   | Found a staircase to the Swamp.
 17440 | Lair:2   | Found a staircase to the Snake Pit.
 17755 | Lair:2   | Noticed Gastronok
 17763 | Lair:2   | Killed Gastronok
 18033 | Lair:3   | Found a basalt altar of Yredelemnul.
 18454 | Lair:4   | Reached skill level 10 in Armour
 18871 | Lair:4   | Received a gift from Trog
 19066 | Lair:5   | Noticed Rupert
 19126 | Lair:5   | Noticed Nessos
 19139 | Lair:5   | Killed Nessos
 19282 | Lair:5   | Noticed alcopop's ghost (journeyman HOFi)
 19460 | Lair:5   | Reached skill level 20 in Axes
 19728 | Lair:5   | Killed Rupert
 19740 | Lair:5   | Noticed Snorg
 19753 | Lair:5   | Killed Snorg
 20068 | Lair:5   | Killed alcopop's ghost
 20354 | Lair:5   | Found a runed door.
 20354 | Lair:5   | Found a viscous altar of Jiyva.
 20355 | Lair:5   | Noticed an acid blob
 20358 | Lair:5   | Found a staircase to the Slime Pits.
 20593 | Lair:6   | Entered Level 6 of the Lair of Beasts
 20639 | Lair:6   | Reached skill level 1 in Evocations
 20772 | Lair:6   | Noticed an entropy weaver
 20775 | Lair:6   | Reached XP level 14. HP: 71/129 MP: 14/14
 21220 | Lair:6   | Noticed an entropy weaver
 21583 | D:11     | Reached skill level 21 in Axes
 21669 | D:11     | Found a labyrinth entrance.
 21687 | Lab      | Entered a labyrinth
 22119 | Lab      | Received a gift from Trog
 22172 | Lab      | Got a pitted silver ring
 22180 | Lab      | Got a twitching steel ring
 22183 | Lab      | Identified the ring of Mistrust {rPois Int+7} (You found it in a labyrinth)
 22185 | Lab      | Identified the ring "Cuaqus" {*Tele *Slow +Blink rPois Str+7} (You found it in a labyrinth)
 22437 | D:11     | Identified the Tome of Enchantment
 22954 | D:11     | Noticed abeheron's ghost (journeyman MiBe)
 22962 | D:11     | Killed abeheron's ghost
 22962 | D:11     | Reached skill level 5 in Evocations
 23585 | D:12     | Found a staircase to the Orcish Mines.
 23698 | D:12     | Gained mutation: Your magical capacity is low. (-10% MP) [potion of mutation]
 23698 | D:12     | Gained mutation: You are weak. (Str -2) [potion of mutation]
 23698 | D:12     | Gained mutation: You are partially covered in large bone plates. (SH +4) [potion of mutation]
 23834 | D:12     | Received a gift from Trog
 23837 | D:12     | Noticed Josephine
 23842 | D:12     | Killed Josephine
 23940 | Orc:1    | Entered Level 1 of the Orcish Mines
 23965 | Orc:1    | Found a bloodstained altar of Trog.
 24098 | Orc:2    | Entered Level 2 of the Orcish Mines
 24142 | Orc:2    | Reached ****** piety under Trog
 24397 | Orc:2    | Reached skill level 22 in Axes
 24909 | Orc:2    | Found a staircase to the Elven Halls.
 24991 | Orc:2    | Reached XP level 15. HP: 123/135 MP: 16/16
 25010 | Orc:2    | Found Qealeose's Gadget Shoppe.
 25010 | Orc:2    | Found Xeeramon's Weapon Shop.
 25011 | Orc:2    | Found Vuili's Distillery.
 25011 | Orc:2    | Found Gidixaypn's Assorted Antiques.
 25022 | Orc:2    | Bought a potion of heal wounds for 70 gold pieces
 25022 | Orc:2    | Bought a potion of mutation for 112 gold pieces
 25022 | Orc:2    | Bought a potion of resistance for 140 gold pieces
 25022 | Orc:2    | Bought a potion of mutation for 112 gold pieces
 25022 | Orc:2    | Bought a potion of haste for 140 gold pieces
 25022 | Orc:2    | Bought a potion of resistance for 140 gold pieces
 25022 | Orc:2    | Bought a potion of heal wounds for 70 gold pieces
 25022 | Orc:2    | Bought a potion of haste for 140 gold pieces
 25022 | Orc:2    | Bought a potion of haste for 140 gold pieces
 25022 | Orc:2    | Bought a potion of heal wounds for 70 gold pieces
 25023 | Orc:2    | Lost mutation: You are weak. (Str -2) [potion of mutation]
 25023 | Orc:2    | Lost mutation: Your magical capacity is low. (-10% MP) [potion of mutation]
 25023 | Orc:2    | Gained mutation: You can translocate small distances at will. [potion of mutation]
 25023 | Orc:2    | Gained mutation: You expend magic power (3 MP) to strengthen your wands. [potion of mutation]
 25023 | Orc:2    | Gained mutation: You are covered in fur. (AC +1) [potion of mutation]
 25024 | Orc:2    | Lost mutation: You expend magic power (3 MP) to strengthen your wands. [potion of mutation]
 25024 | Orc:2    | Lost mutation: You are partially covered in large bone plates. (SH +4) [potion of mutation]
 25024 | Orc:2    | Gained mutation: You are surrounded by a mild repulsion field. (EV +2) [potion of mutation]
 25024 | Orc:2    | Gained mutation: You have a pair of large horns on your head. [potion of mutation]
 25111 | Orc:2    | Received a gift from Trog
 25542 | Orc:1    | Noticed an orc warlord
 25554 | Orc:1    | Killed an orc warlord
 26550 | Swamp:1  | Entered Level 1 of the Swamp
 26558 | Swamp:1  | Reached skill level 23 in Axes
 27091 | Swamp:1  | Received a gift from Trog
 27758 | Swamp:2  | Noticed Roxanne
 27780 | Swamp:2  | Noticed Nikola
 28904 | Swamp:4  | Entered Level 4 of the Swamp
 29569 | Swamp:4  | Received a gift from Trog
 29577 | Swamp:4  | Noticed a thorn hunter
 29577 | Swamp:4  | Noticed a thorn hunter
 29595 | Swamp:4  | Reached skill level 24 in Axes
 29595 | Swamp:4  | Reached XP level 16. HP: 71/144 MP: 21/21
 29596 | Swamp:4  | Killed a thorn hunter
 29600 | Swamp:4  | Killed a thorn hunter
 29640 | Swamp:4  | Got a decaying rune of Zot
 29987 | Snake:1  | Entered Level 1 of the Snake Pit
 31410 | Snake:2  | Noticed Vashnia
 31456 | Snake:2  | Killed Vashnia
 32830 | Snake:4  | Entered Level 4 of the Snake Pit
 33113 | Snake:4  | Reached skill level 25 in Axes
 33985 | Snake:4  | Got a crude ring mail
 33996 | Snake:4  | Identified the +1 ring mail of the Burgomaster {Str-4 Int+2 Stlth+} (You found it on level 4 of the Snake Pit)
 34231 | Snake:4  | Reached XP level 17. HP: 146/154 MP: 22/22
 34907 | Snake:4  | Reached skill level 15 in Fighting
 35164 | Snake:4  | Received a gift from Trog
 36717 | Snake:4  | Reached skill level 26 in Axes
 37345 | Snake:4  | Received a gift from Trog
 37433 | Snake:4  | Got a serpentine rune of Zot
 37687 | Snake:2  | Received a gift from Trog
 38764 | D:13     | Reached XP level 18. HP: 158/168 MP: 23/23
 39002 | D:13     | Received a gift from Trog
 39086 | D:14     | Reached skill level 15 in Armour
 39101 | D:14     | Found a gate to the Vaults.
 40061 | D:15     | Entered Level 15 of the Dungeon
 40408 | D:15     | Noticed Louise
 40430 | D:15     | Killed Louise
 40435 | D:15     | Noticed Sonja
 40436 | D:15     | Noticed Sonja
 40436 | D:15     | Sonja changed into Sonja the queen bee
 40441 | D:15     | Killed Sonja the queen bee
 40619 | D:15     | Noticed Agnes
 40628 | D:15     | Killed Agnes
 41030 | D:15     | Found an iron altar of Okawaru.
 41096 | D:15     | Found a staircase to the Depths.
 41380 | Vaults:1 | Entered Level 1 of the Vaults
 41542 | Vaults:1 | Found Usewkon's Armour Emporium.
 41619 | Vaults:1 | Received a gift from Trog
 42556 | Vaults:1 | Identified the Grimoire of Malediction
 43162 | Vaults:1 | Received a gift from Trog
 43918 | Vaults:1 | Reached XP level 19. HP: 177/183 MP: 24/24
 44131 | Vaults:1 | Received a gift from Trog
 45105 | Vaults:2 | Noticed Mara
 45127 | Vaults:2 | Noticed BarneyGumball's illusion
 45151 | Vaults:2 | Noticed BarneyGumball's illusion
 45151 | Vaults:2 | Killed Mara
 46128 | Vaults:2 | Killed from afar by a wizard

Skill      XL: |  1  2  3  4  5  6  7  8  9 10 11 12 13 14 15 16 17 18 19 |
---------------+----------------------------------------------------------+-----
Axes           | 4 5 6 7 8 9 11 12 14 16 17 19 20 22 24 25 26 | 26.0
Shields        | 5 8 |  8.0
Fighting       | 5 7 9 11 13 14 16 19 20 | 20.9
Armour         | 3 6 9 11 13 14 16 17 | 17.5
Evocations     | 1 6 8 |  8.5
Dodging        | |  2.1

Action                   |  1- 3 |  4- 6 |  7- 9 | 10-12 | 13-15 | 16-18 | 19-21 || total
-------------------------+-------+-------+-------+-------+-------+-------+-------++-------
Melee: Hand axe          |    71 |   130 |   413 |    16 |       |       |       ||   630
       Headbutt          |    12 |    22 |    63 |   141 |   264 |   314 |    69 ||   885
       Battleaxe         |       |       |       |   635 |   833 |       |       ||  1468
       Dire flail        |       |       |       |    28 |       |       |       ||    28
       Broad axe         |       |       |       |     2 |    50 |    14 |       ||    66
       Executioner's axe |       |       |       |       |    81 |  1033 |   199 ||  1313
Invok: Berserk           |       |     2 |     6 |    12 |     2 |     7 |     4 ||    33
       Trog's Hand       |       |       |     3 |     5 |     6 |     9 |     4 ||    27
       Burn Spellbooks   |       |       |     2 |       |     1 |     1 |       ||     4
       Brothers in Arms  |       |       |       |       |     9 |     5 |     1 ||    15
 Abil: Blink             |       |       |       |       |       |       |     3 ||     3
Evoke: Lamp of fire      |       |       |       |     1 |       |     1 |       ||     2
       Wand              |       |       |       |       |       |     9 |       ||     9
  Use: Scroll            |       |     4 |     6 |    14 |    13 |     9 |       ||    46
       Potion            |       |       |     4 |     2 |    14 |    11 |       ||    31
 Stab: Distracted        |       |       |       |     1 |     2 |     4 |     2 ||     9
       Confused          |       |       |       |       |       |     3 |       ||     3
  Eat: Chunk             |     1 |     7 |    16 |    32 |    33 |    22 |    12 ||   123
       Fruit             |       |       |     3 |    10 |    11 |     1 |       ||    25
       Royal jelly       |       |       |     3 |       |       |     4 |       ||     7
       Bread ration      |       |       |       |       |     2 |     6 |       ||     8
Armor: Animal skin       |     6 |       |       |       |       |       |       ||     6
       Leather armour    |     6 |    34 |       |       |       |       |       ||    40
       Ring mail         |       |       |    80 |    22 |       |       |       ||   102
       Skin              |       |       |    31 |       |       |       |       ||    31
       Plate armour      |       |       |       |   152 |       |       |       ||   152
       Scale mail        |       |       |       |    87 |   392 |   355 |    48 ||   882
Dodge: Dodged            |    48 |    90 |   114 |   204 |   393 |   466 |    81 ||  1396
Block: Buckler           |       |       |    96 |     4 |       |       |       ||   100
       Reflection        |       |       |     2 |       |     7 |    22 |     4 ||    35
       Other             |       |       |       |    84 |   156 |   152 |    20 ||   412
